Map: Blueshift LE

Players

Mesrob - Winner!

  • Race: Terran Terran
  • League: Gold
  • Spawn Location: 7:00

Annataqui

  • Race: Protoss Protoss
  • League: Diamond
  • Spawn Location: 1:00

VOD

Have the link to the VOD?

Description

Time

  • Played on: Jan. 12, 2019, 10:47 a.m.
  • Length: 14:06
Show
View Real Time Build Order
Export as new Build Order

Mesrob Terran - Winner!

Build Orders: Mech 

Get SALT Encoding   

  12  0:00  SCV  
  13  0:13  SCV  
  14  0:22  Supply Depot  
  14  0:25  SCV  
  15  0:29  Refinery  
  15  0:43  SCV  
  15  0:46  Barracks  
  16  0:55  SCV  
  17  1:08  SCV  
  18  1:20  SCV  
  19  1:37  Orbital Command  
  19  1:42  Command Center  
  19  1:44  Marine  
  20  1:59  Bunker  
  20  2:06  Factory  
  20  2:08  SCV  
  21  2:24  Engineering Bay  
  21  2:42  Barracks Tech Lab, Supply Depot  
  21  2:44  SCV  
  21  2:50  Refinery  
  22  2:56  SCV  
  22  2:58  Armory  
  23  3:05  Supply Depot  
  23  3:09  SCV  
  24  3:13  Orbital Command  
  24  3:34  Marine  
  24  3:38  Siege Tank  
  28  3:47  Engineering Bay  
  28  3:57  SCV x2  
  30  4:09  SCV, Terran Vehicle Weapons Level 1  
  31  4:15  Supply Depot, Siege Tank  
  34  4:17  Marine  
  34  4:21  SCV  
  34  4:23  SCV  
  37  4:27  Refinery  
  37  4:32  Missile Turret  
  37  4:33  SCV  
  37  4:35  SCV  
  37  4:37  Supply Depot  
  39  4:45  SCV  
  39  4:47  Siege Tank, SCV  
  39  4:50  Factory  
  44  4:57  SCV  
  44  4:59  SCV  
  46  5:10  SCV  
  46  5:29  Marine  
  46  5:32  Siege Tank  
  46  5:34  Factory Reactor  
  50  5:44  Missile Turret  
  50  5:47  Marine  
  51  5:51  Missile Turret  
  50  6:04  Siege Tank  
  49  6:14  Marine  
  50  6:19  SCV x2  
  52  6:29  Factory  
  52  6:31  SCV  
  52  6:32  Marine  
  53  6:34  Missile Turret, SCV  
  53  6:36  Command Center  
  55  6:43  SCV  
  55  6:46  SCV  
  57  6:54  Missile Turret  
  57  7:15  Missile Turret  
  56  7:28  SCV x2  
  57  7:33  Hellbat x2  
  57  7:35  Factory Tech Lab  
  61  7:38  Factory  
  61  7:40  SCV x2  
  63  7:48  Marine  
  64  7:52  SCV  
  64  7:53  SCV  
  64  7:54  Planetary Fortress  
  66  8:00  Missile Turret  
  66  8:04  SCV  
  66  8:05  SCV  
  68  8:08  Hellbat x2, Thor  
  68  8:09  Thor  
  84  8:16  SCV  
  85  8:21  Factory  
  85  8:23  Missile Turret  
  85  8:24  Supply Depot  
  85  8:31  Terran Vehicle Weapons Level 2  
  85  8:32  SCV x2  
  81  8:44  SCV  
  81  8:45  Missile Turret  
  81  8:46  Supply Depot  
  79  9:07  Missile Turret  
  79  9:09  SCV  
  80  9:16  Supply Depot  
  80  9:20  Factory Reactor  
  80  9:21  SCV  
  81  9:28  Missile Turret, Thor  
  81  9:29  Hellbat x2  
  91  9:32  Factory Tech Lab  
  91  9:35  Marine  
  92  9:40  Supply Depot  
  92  9:54  Missile Turret  
  92  10:00  Sensor Tower  
  92  10:03  Supply Depot  
  92  10:06  Refinery  
  92  10:08  Refinery  
  92  10:10  SCV x2  
  94  10:20  Thor  
  100  10:22  Hellbat x3  
  100  10:23  Hellbat x3  
  100  10:25  Supply Depot  
  112  10:39  Refinery  
  112  10:43  Hellbat  
  112  10:44  Hellbat x2  
  112  10:49  Supply Depot  
  118  10:54  Thor  
  124  11:19  Missile Turret  
  124  11:24  Thor x2  
  124  11:25  Hellbat x2  
  142  11:26  Hellbat x2  
  142  11:32  Sensor Tower  
  144  11:35  Supply Depot  
  144  11:37  Hellbat  
  144  11:38  Missile Turret  
  146  11:43  Terran Vehicle And Ship Armor Level 1  
  146  11:46  SCV  
  146  11:47  Hellbat x4, SCV x2  
  157  11:54  Missile Turret  
  157  11:58  SCV, Thor  
  157  11:59  Supply Depot, SCV  
  157  12:00  Missile Turret  
  165  12:06  Supply Depot  
  165  12:13  Missile Turret  
  165  12:21  SCV x3  
  168  12:24  Hellbat x2  
  168  12:26  Supply Depot  
  168  12:27  Thor  
  168  12:28  Hellbat  
  168  12:29  Supply Depot  
  180  12:33  SCV  
  181  12:47  Thor  
  181  12:48  SCV  
  181  12:50  Supply Depot  
  181  12:51  Hellbat x2  
  192  12:52  Supply Depot  
  192  12:57  Hellbat x2  
  196  12:59  Hellbat  
  190  13:10  Thor  
  190  13:12  Hellbat, Supply Depot  
  198  13:18  Hellbat x2  
  196  13:21  Hellbat  
  176  13:31  Hellbat  
  176  13:33  Hellbat  
  174  13:35  Supply Depot  
  174  13:40  Hellbat x2  
  176  13:42  Hellbat  
  170  13:57  Supply Depot  
Show
View Real Time Build Order
Export as new Build Order

Annataqui Protoss 

Build Orders:  

Get SALT Encoding   

  1  0:00  Probe  
  12  0:05  Probe  
  14  0:15  Probe  
  15  0:23  Pylon  
  15  0:34  Assimilator  
  15  0:43  Gateway  
  15  0:48  Probe  
  16  0:58  Probe  
  17  1:06  Probe  
  18  1:14  Forge, Probe  
  19  1:26  Probe  
  20  1:34  Zealot  
  20  1:37  Cybernetics Core  
  22  1:46  Pylon  
  22  1:51  Photon Cannon  
  22  2:19  Nexus  
  22  2:26  Stalker, Warp Gate  
  24  2:53  Robotics Facility  
  24  2:57  Zealot  
  26  3:00  Probe  
  28  3:12  Probe  
  28  3:16  Photon Cannon  
  28  3:18  Pylon  
  28  3:24  Probe  
  29  3:29  Probe  
  30  3:37  Probe x2  
  30  3:39  Observer  
  31  3:44  Stalker  
  31  3:47  Probe  
  35  3:49  Probe  
  35  3:55  Warp Prism  
  37  3:59  Probe  
  40  4:11  Probe  
  41  4:17  Protoss Ground Weapons Level 1  
  41  4:23  Probe  
  42  4:25  Gateway  
  42  4:26  Gateway  
  42  4:28  Gateway  
  42  4:30  Gateway  
  42  4:40  Pylon  
  42  4:43  Probe  
  43  4:55  Probe  
  44  5:07  Probe  
  44  5:12  Pylon  
  45  5:19  Probe  
  46  5:23  Assimilator  
  46  5:40  Zealot x3  
  46  5:41  Zealot x2  
  44  5:50  Stalker x4  
  44  5:51  Stalker  
  49  6:15  Assimilator  
  49  6:19  Assimilator  
  49  6:23  Pylon  
  49  6:26  Pylon  
  49  6:28  Probe  
  50  6:38  Probe  
  50  6:39  Pylon  
  50  6:40  Probe  
  50  6:42  Pylon  
  50  6:46  Probe  
  52  6:47  Pylon  
  52  6:50  Pylon  
  52  6:52  Photon Cannon  
  52  6:54  Photon Cannon  
  52  6:55  Probe  
  52  6:56  Photon Cannon  
  52  6:58  Photon Cannon  
  47  7:02  Photon Cannon  
  47  7:05  Twilight Council, Photon Cannon  
  47  7:07  Adept x3, Photon Cannon  
  47  7:08  Pylon, Adept x2  
  46  7:36  Adept  
  46  7:37  Adept x4  
  56  7:55  Dark Shrine  
  56  8:05  Nexus  
  52  9:02  Stalker x3  
  52  9:03  Stalker x2  
  56  9:35  Assimilator  
  52  9:47  Protoss Ground Armor Level 1  
  50  9:55  Nexus  
  50  9:59  Immortal  
  54  10:16  Dark Templar  
  54  10:18  Zealot x4  
  64  10:38  Immortal  
  64  10:42  Stargate  
  66  11:13  Stalker x4  
  66  11:14  Stalker  
  76  11:18  Probe  
  77  11:26  Probe  
  77  11:28  Assimilator  
  78  11:33  Assimilator  
  78  11:35  Pylon  
  78  11:36  Probe  
  78  11:37  Pylon  
  79  11:48  Probe  
  79  11:53  Dark Templar  
  79  11:54  Dark Templar x2  
  84  11:55  Dark Templar  
  84  12:00  Probe  
  89  12:22  Nexus  
  89  12:25  Zealot x2  
  89  12:26  Zealot x2  
  89  12:27  Zealot  
  99  12:30  Void Ray  
  103  12:49  Probe, Fleet Beacon  
  103  12:57  Probe  
  85  13:06  Probe  
  85  13:10  Dark Templar  
  85  13:11  Dark Templar x3  
  92  13:19  Probe  
  84  13:31  Probe  
  84  13:33  Dark Templar  
  61  13:43  Dark Templar  
  61  13:44  Dark Templar x2  
  65  13:52  Dark Templar  
Tags
 
Composition
Mech
Matchup
PvT
Replay Pack
sc2 replays
Spawn Locations
Cross Positions
Add a new tag
Caveats
  • Supply blocks, unpowered buildings, or Contaminate may cause inaccurate times.
  • Supply counts are checked every 10 seconds.